 Seeded DCSS version 0.30.1-9-gdf580d7c3d (webtiles) character file.

Game seed: 6351066067085065685 (custom seed)

11477 Esekla the Thaumaturge (level 11, -3/60 HPs)
             Began as a Deep Elf Wanderer on Oct 10, 2023.
             Was a High Priest of Vehumet.
             Slain by a centaur warrior simulacrum (29 damage)
             ... on level 11 of the Dungeon.
             The game lasted 01:20:40 (10529 turns).

Esekla the Thaumaturge (Deep Elf Wanderer)         Turns: 10529, Time: 01:20:41

Health: -3/60      AC:  7    Str: 11    XL:     11   Next: 49%
Magic:  37/40      EV: 13    Int: 23    God:    Vehumet [*****.]
Gold:   690        SH:  4    Dex: 11    Spells: 16/39 levels left

rFire   . . .        c - +4 scimitar
rCold   . . .        d - +0 buckler
rNeg    . . .        g - +1 robe {Will+}
rPois   .            K - +1 helmet
rElec   .            F - +0 cloak
rCorr   .            j - +0 pair of gloves
SInv    .            (no boots)
Will    ++...        y - amulet of magic regeneration
Stlth   ++           k - ring of magical power
HPRegen 0.30/turn    (no ring)
MPRegen 0.67/turn

%: no passive effects
@: studying Fighting
A: no striking features
a: Renounce Religion


You were on level 11 of the Dungeon.
You worshipped Vehumet.
Vehumet was extremely pleased with you.
You visited 1 branch of the dungeon, and saw 11 of its levels.
You also visited: Bailey.

You collected 690 gold pieces.

Inventory:

Hand Weapons
 a - a +2 vampiric dagger
 c - a +4 scimitar (weapon)
 r - a +4 trident of venom
 s - the +5 rapier of the Hero {heavy, rN+ Dex+3}
   (You found it on level 3 of the Dungeon)

   Dex:       It affects your dexterity (+3).
   rN:        It protects you from negative energy.
 v - a +2 rapier of venom
Missiles
 u - 46 poisoned darts (quivered)
 L - 5 boomerangs
 N - 6 curare-tipped darts
Armour
 d - a +0 buckler (worn)
 g - a +1 robe of willpower (worn)
 j - a +0 pair of gloves (worn)
 F - a +0 cloak (worn)
 K - a +1 helmet (worn)
Jewellery
 k - a ring of magical power (left hand)
 y - an amulet of magic regeneration (around neck)
 O - an amulet of reflection
Wands
 p - a wand of roots (21)
 B - a wand of flame (15)
 H - a wand of mindburst (9)
Scrolls
 i - 4 scrolls of blinking
 m - 4 scrolls of enchant weapon {unknown}
 n - 2 scrolls of amnesia
 o - a scroll of enchant armour
 t - 2 scrolls of silence
 x - a scroll of magic mapping
 z - 3 scrolls of fear
 C - 2 scrolls of acquirement
 E - 3 scrolls of teleportation
 G - 2 scrolls of poison
 I - a scroll of vulnerability {unknown}
 J - 2 scrolls of fog
 M - a scroll of identify
Potions
 b - 3 potions of lignification
 e - 3 potions of ambrosia {unknown}
 f - 6 potions of attraction {unknown}
 l - a potion of mutation
 q - 3 potions of haste
 w - 3 potions of brilliance {unknown}
 A - 6 potions of curing
 D - a potion of cancellation {unknown}


   Skills:
 * Level 3.5 Fighting
 + Level 3.7 Short Blades
 + Level 1.5 Throwing
 * Level 6.8 Dodging
 + Level 3.8 Stealth
 + Level 2.1 Shields
 * Level 14.9 Spellcasting
 * Level 3.1 Conjurations
 * Level 9.0 Necromancy
 + Level 3.5 Translocations
 + Level 3.0 Transmutations
 * Level 4.3 Fire Magic
 + Level 4.5 Ice Magic
 * Level 2.5 Air Magic
 + Level 3.5 Poison Magic
 + Level 1.0 Invocations


You had 16 spell levels left.
You knew the following spells:

 Your Spells              Type           Power      Damage    Failure   Level
a - Magic Dart            Conj           100%       1d8       1%          1
b - Blink                 Tloc           66%        N/A       1%          2
c - Mephitic Cloud        Conj/Pois/Air  31%        N/A       1%          3
d - Vampiric Draining     Necr           56%        2d10      1%          3
f - Flame Wave            Conj/Fire      34%        2d10      3%          4
n - Ignite Poison         Fire/Tmut/Pois 34%        N/A       1%          3
p - Apportation           Tloc           66%        N/A       1%          1
r - Frozen Ramparts       Ice            76%        1d12      1%          3
t - Teleport Other        Tloc           33%        N/A       3%          3

Your spell library contained the following spells:

 Spells                   Type           Power      Damage    Failure   Level
 Iron Shot                Conj/Erth      12%        9d3       65%         6
 Lesser Beckoning         Tloc           66%        N/A       1%          2
 Gell's Gravitas          Tloc           33%        N/A       3%          3
 Spider Form              Tmut/Pois      32%        N/A       3%          3
 Cause Fear               Hex            8%         N/A       43%         4
 Summon Mana Viper        Hex/Summ       17%        N/A       80%         5


Dungeon Overview and Level Annotations

Branches:
Dungeon (11/15)            Temple (0/1) D:6             Orc (0/2) D:10
 Bailey (visited)
   Lair: D:8-11

Altars:
Dithmenos
Fedhas
Hepliaklqana
Nemelex Xobeh
Okawaru
Qazlal
Ru
Trog
Uskayaw
Vehumet
Zin
The Shining One

Shops:
D:2 =   D:4 (

Annotations:
D:7 Joseph
D:11 Lodul


Message History

(Press . to intensify the flame waves.)
Something shouts, "Return whence thou came, thou weedy bat-fowling beggar!"
A wave of flame ripples out!
The flame wave engulfs the ice beast!
The ice beast melts!
The ice beast is severely wounded.
You block the ice beast's attack.
A centaur warrior simulacrum comes into view.
A wave of flame ripples out!
The flame wave engulfs the ice beast!
The ice beast melts!
You kill the ice beast!
Vehumet accepts your kill.
You feel your power returning.
The flame wave engulfs the centaur warrior simulacrum!
The centaur warrior simulacrum melts!
The centaur warrior simulacrum is heavily damaged.
You hear an angry hiss.
You hear a howl!
You hear a shout!
Your Necromancy skill increases to level 9!
A wave of flame ripples out!
The flame wave engulfs the centaur warrior simulacrum!
The centaur warrior simulacrum melts!
The centaur warrior simulacrum is severely damaged.
You finish channelling waves of flame.
You hear a shout! x2; You hear an angry growl.
The centaur warrior simulacrum misses you.
The centaur warrior simulacrum kicks you.
The centaur warrior simulacrum freezes you!!
A white imp comes into view.
The centaur warrior simulacrum hits you but does no damage.
The centaur warrior simulacrum kicks you.
The centaur warrior simulacrum freezes you!!
* * * LOW HITPOINT WARNING * * *
It was a potion of heal wounds.
You feel much better.
The centaur warrior simulacrum hits you.
The centaur warrior simulacrum freezes you!!
* * * LOW HITPOINT WARNING * * *
The centaur warrior simulacrum misses you.
You feel much better.
The centaur warrior simulacrum hits you.
The centaur warrior simulacrum freezes you!!
You die...

##########
.........#
.........#
.........#
.......<.##
..........#
..........####..#
#########..).5..#
#....@####..#!.
#.....Z.....#
#.....Z###...
#.......
#.....### #.....#
#.....# ......#


You could see a white imp and 2 centaur warrior simulacra.

Vanquished Creatures
  Harold (D:9)
  2 two-headed ogres
  Pikel (D:6)
  2 orc knights (Bailey)
  2 cyclopes (D:9)
  A kobold demonologist (D:9)
  A troll (D:10)
  8 yaks (D:10)
  2 steam dragons
  2 wyverns
  Menkaure (D:7)
  2 ice beasts
  A sky beast (D:6)
  9 orc warriors
  A black bear (D:6)
  4 ogres
  2 centaurs
  A phantom (D:7)
  Blork the orc (D:6)
  4 kobold brigands
  3 gnoll sergeants
  2 bullfrogs
  2 scorpions (D:5)
  10 wights
  20 killer bees
  2 howler monkeys (D:10)
  2 quasits (D:8)
  2 gnoll boudas
  6 hounds
  A jelly (D:6)
  Crazy Yiuf (D:7)
  6 orc priests
  A sleepcap (D:5)
  5 iguanas
  8 orc wizards
  25 gnolls
  9 adders
  3 shadow imps (D:8)
  6 white imps
  4 ufetubi
  A worm (D:4)
  3 dart slugs
  53 orcs
  4 endoplasms
  9 goblins
  6 hobgoblins
  A quokka (D:1)
  6 ball pythons
  4 bats
  4 frilled lizards
  21 kobolds
  A rat (D:2)
279 creatures vanquished.

Notes
Turn   | Place    | Note
-------+----------+-------------------------------------------
     0 | D:1      | Esekla the Deep Elf Wanderer began the quest for the Orb.
     0 | D:1      | Esekla set off with the following items: a +0 club, a
                  | potion of lignification, a +0 robe, a +0 buckler; and the
                  | following spells available to memorise: Apportation, Blink,
                  | Lesser Beckoning, Magic Dart, Ignite Poison, Vampiric
                  | Draining.
     0 | D:1      | Reached XP level 1. HP: 10/10 MP: 7/7
     2 | D:1      | Learned a level 1 spell: Magic Dart
     4 | D:1      | Learned a level 1 spell: Apportation
   393 | D:4      | Found a radiant altar of Vehumet.
   397 | D:4      | Became a worshipper of Vehumet
   410 | D:4      | Found an iron altar of Okawaru.
   421 | D:4      | Found a glowing silver altar of Zin.
   847 | D:4      | Found Ponaysk's Antique Weapon Boutique.
  1012 | D:3      | Reached skill level 1 in Dodging
  1027 | D:3      | Reached skill level 1 in Necromancy
  1027 | D:3      | Reached XP level 2. HP: 15/15 MP: 6/9
  1032 | D:3      | Learned a level 2 spell: Blink
  1205 | D:2      | Noticed a black bear
  1519 | D:3      | Identified the +5 rapier of the Hero {heavy, rN+ Dex+3}
  1600 | D:2      | Found a faded altar of an unknown god.
  1651 | D:2      | Reached skill level 5 in Spellcasting
  1651 | D:2      | Reached XP level 3. HP: 7/19 MP: 7/11
  1655 | D:2      | Learned a level 3 spell: Vampiric Draining
  1916 | D:1      | Reached * piety under Vehumet
  1916 | D:1      | Offered knowledge of Freeze by Vehumet.
  1983 | D:1      | Reached XP level 4. HP: 22/22 MP: 13/13
  2090 | D:1      | Learned a level 3 spell: Teleport Other
  2197 | D:2      | Found Renulab's Jewellery Shop.
  2632 | D:3      | Found a stormy altar of Qazlal.
  2782 | D:3      | Found a hazy altar of Hepliaklqana.
  2785 | D:3      | Found a bloodstained altar of Trog.
  3008 | D:5      | Entered Level 5 of the Dungeon
  3012 | D:5      | Got the Parchment of the Lumpy Olives
  3041 | D:5      | Found a shadowy altar of Dithmenos.
  3065 | D:5      | Reached skill level 6 in Spellcasting
  3065 | D:5      | Reached XP level 5. HP: 28/28 MP: 11/15
  3339 | D:5      | Reached XP level 6. HP: 27/32 MP: 7/17
  3453 | D:5      | Reached skill level 1 in Short Blades
  3700 | D:5      | Reached skill level 7 in Spellcasting
  3892 | D:5      | Offered knowledge of Kiss of Death by Vehumet.
  3916 | D:6      | Reached XP level 7. HP: 19/36 MP: 8/19
  4051 | D:6      | Found a staircase to the Ecumenical Temple.
  4130 | D:6      | Noticed Pikel
  4228 | D:4      | Reached skill level 1 in Conjurations
  4278 | D:4      | Reached ** piety under Vehumet
  4749 | D:4      | Found a glowing golden altar of the Shining One.
  5009 | D:4      | Reached skill level 8 in Spellcasting
  5208 | D:6      | Noticed Blork the orc
  5221 | D:6      | Killed Blork the orc
  5411 | D:6      | Killed Pikel
  5412 | D:6      | Reached skill level 9 in Spellcasting
  5412 | D:6      | Reached skill level 5 in Necromancy
  5412 | D:6      | Reached XP level 8. HP: 23/41 MP: 11/23
  5454 | D:6      | Reached skill level 10 in Spellcasting
  5541 | D:7      | Found a runed translucent door.
  5542 | D:7      | Noticed Crazy Yiuf
  5550 | D:7      | Killed Crazy Yiuf
  5757 | D:7      | Noticed Menkaure
  5763 | D:7      | Killed Menkaure
  5949 | D:7      | Reached XP level 9. HP: 45/45 MP: 25/25
  6001 | D:7      | Offered knowledge of Frozen Ramparts by Vehumet.
  6002 | D:7      | Reached skill level 11 in Spellcasting
  6006 | D:7      | Learned a level 3 spell: Frozen Ramparts
  6229 | D:6      | Reached skill level 1 in Ice Magic
  6317 | D:6      | Found a blossoming altar of Fedhas.
  6511 | D:7      | Noticed Joseph
  6627 | D:8      | Noticed a two-headed ogre
  6681 | D:8      | Reached *** piety under Vehumet
  6682 | D:8      | Reached skill level 5 in Dodging
  6877 | D:8      | Learned a level 3 spell: Ignite Poison
  6927 | D:8      | Offered knowledge of Flame Wave by Vehumet.
  6928 | D:8      | Reached skill level 1 in Poison Magic
  6962 | D:8      | Killed a two-headed ogre
  6963 | D:8      | Reached skill level 1 in Throwing
  6963 | D:8      | Reached skill level 12 in Spellcasting
  6963 | D:8      | Reached skill level 1 in Transmutations
  6963 | D:8      | Reached skill level 1 in Fire Magic
  7085 | D:8      | Found a transporter.
  7085 | D:8      | Found a transporter.
  7089 | D:8      | Found a transporter.
  7089 | D:8      | Found a transporter.
  7209 | D:8      | Found a hide-covered altar of Uskayaw.
  7429 | D:8      | Reached **** piety under Vehumet
  7719 | D:7      | Learned a level 4 spell: Flame Wave
  7728 | D:7      | Reached XP level 10. HP: 50/50 MP: 28/28
  7960 | D:9      | Noticed a two-headed ogre
  7967 | D:9      | Killed a two-headed ogre
  8055 | D:9      | Found a flagged portal.
  8125 | Bailey   | Entered a bailey
  8143 | Bailey   | Offered knowledge of Mephitic Cloud by Vehumet.
  8153 | Bailey   | Learned a level 3 spell: Mephitic Cloud
  8358 | Bailey   | Identified the +2 bardiche of Puhoisos {heavy, rElec
                  | Stlth+}
  8526 | Bailey   | Noticed an orc knight
  8526 | Bailey   | Noticed an orc knight
  8539 | Bailey   | Killed an orc knight
  8540 | Bailey   | Reached skill level 13 in Spellcasting
  8547 | Bailey   | Killed an orc knight
  8548 | Bailey   | Reached skill level 1 in Air Magic
  8743 | D:9      | Noticed a rust devil
  8899 | D:9      | Noticed a cyclops
  8913 | D:9      | Killed a cyclops
  8914 | D:9      | Reached skill level 1 in Fighting
  9041 | D:9      | Noticed a cyclops
  9326 | D:9      | Noticed Harold
  9359 | D:9      | Reached XP level 11. HP: 45/56 MP: 30/30
  9360 | D:9      | Reached skill level 14 in Spellcasting
  9372 | D:9      | Killed Harold
  9419 | D:9      | Found a sparkling altar of Nemelex Xobeh.
  9470 | D:9      | You fall into a shaft and drop 1 floor!
  9470 | D:10     | Entered Level 10 of the Dungeon
  9512 | D:10     | Reached ***** piety under Vehumet
  9519 | D:10     | Offered knowledge of Iron Shot by Vehumet.
  9997 | D:10     | Found a staircase to the Orcish Mines.
 10232 | D:11     | Noticed Lodul
 10423 | D:10     | Found a sacrificial altar of Ru.
 10529 | D:11     | Slain by a centaur warrior simulacrum

Illustrated notes

Levels and vault maps discovered:
D:1:      sevenhm_arrival_forest_fort_small_3, layout_rooms,
          chequers_serial_rivers_room_b, minmay_misc_feat_five
D:2:      layout_loops_ring, dreamdust_ecumenical_altar_angels_and_demons,
          serial_shops, shop
D:3:      layout_basic, grunt_temple_overflow_open, minmay_misc_feat_iff
D:4:      layout_basic, nicolae_overflow_quartered_altars, serial_shops,
          nicolae_diamond_shop
D:5:      layout_loops_ring, lemuel_doored_altar, minmay_misc_feat_rows,
          dreamdust_wishing_well
D:6:      layout_loops_cross, fedhas_altar_fruit_tree,
          minmay_temple_entry_glass, uniq_pikel, uniq_blork_the_orc
D:7:      layout_basic, uniq_menkaure, uniq_joseph, uniq_crazy_yiuf_cottage
D:8:      layout_basic, nicolae_uskayaw_dance_hall, serial_demonic,
          serial_demonic_d, serial_demonic_a, serial_demonic_c,
          serial_demonic_c, nicolae_diode_quadrants
D:9:      layout_irregular_city, kennysheep_little_box, enter_bailey_4,
          minmay_between, uniq_harold
D:10:     layout_basic, nicolae_ru_awakened_eye
D:11:     layout_rooms, hellmonk_lair_entry_icy, serial_ice, serial_ice_j,
          serial_ice_m, serial_ice_o, serial_ice_c, serial_ice_g, serial_ice_f,
          guppyfry_shop_earth, uniq_psyche, uniq_lodul

Skill      XL: |  1  2  3  4  5  6  7  8  9 10 11 |
---------------+----------------------------------+-----
Dodging        | 1 2 3 4 5 6 |  6.8
Necromancy     | 1 2 3 5 6 7 8 9 |  9.0
Spellcasting   | 5 6 7 9 10 12 13 14 | 14.9
Stealth        | 2 3 |  3.8
Shields        | 2 |  2.1
Short Blades   | 1 2 3 |  3.7
Translocations | 3 |  3.5
Conjurations   | 2 3 |  3.1
Ice Magic      | 3 4 |  4.5
Poison Magic   | 2 3 |  3.5
Throwing       | 1 |  1.5
Transmutations | 1 2 3 |  3.0
Fire Magic     | 1 3 4 |  4.3
Air Magic      | 2 |  2.5
Fighting       | 1 3 |  3.5
Invocations    | |  1.0

Action                     |  1- 3 |  4- 6 |  7- 9 | 10-12 || total
---------------------------+-------+-------+-------+-------++-------
  Melee: Short sword       |    24 |       |       |       ||    24
         Rapier            |    32 |    45 |   119 |    33 ||   229
         Dagger            |       |       |    24 |     1 ||    25
         Scimitar          |       |       |       |     8 ||     8
  Throw: Dart              |     5 |     7 |    26 |    14 ||    52
   Cast: Apportation       |    29 |    31 |    20 |    21 ||   101
         Magic Dart        |    33 |    21 |   114 |    25 ||   193
         Blink             |     1 |     2 |     5 |     3 ||    11
         Vampiric Draining |       |    13 |    50 |    53 ||   116
         Teleport Other    |       |       |     2 |     3 ||     5
         Frozen Ramparts   |       |       |    22 |    20 ||    42
         Ignite Poison     |       |       |     2 |     7 ||     9
         Flame Wave        |       |       |     1 |    14 ||    15
         Mephitic Cloud    |       |       |       |     6 ||     6
    Use: Scroll            |     1 |       |     1 |    12 ||    14
         Potion            |     1 |     1 |       |     4 ||     6
   Stab: Sleeping          |     2 |     6 |     3 |     3 ||    14
         Confused          |       |       |       |     1 ||     1
 Armour: Robe              |    34 |    16 |    43 |    35 ||   128
  Dodge: Dodged            |    46 |    36 |   117 |   111 ||   310
  Block: Buckler           |     8 |    10 |    35 |    32 ||    85
